Map: Blackpink LE

Players

uThermal

  • Race: Terran Terran
  • Spawn Location: 1:00

Solar - Winner!

  • Race: Zerg Zerg
  • Spawn Location: 7:00

Event: IEM Season 12 - Katowice

VOD

Have the link to the VOD?

Description

Time

  • Played on: March 1, 2018, 10:59 a.m.
  • Length: 16:25

All games in this series

Show
View Real Time Build Order
Export as new Build Order

uThermal Terran 

Build Orders: Hellion Opening, Reaper Expand, Bio Tank 

Get SALT Encoding   

  12  0:01  SCV  
  13  0:13  SCV  
  14  0:17  Supply Depot  
  14  0:25  SCV  
  15  0:38  SCV  
  15  0:40  Barracks  
  16  0:43  Refinery  
  16  0:50  SCV  
  17  1:02  SCV  
  18  1:15  SCV  
  19  1:27  Reaper, Orbital Command  
  20  1:39  Command Center  
  20  1:48  Supply Depot  
  20  1:53  SCV  
  21  1:59  Marine  
  22  2:05  SCV  
  22  2:07  Factory  
  23  2:11  Refinery  
  23  2:17  SCV  
  23  2:20  Barracks Reactor  
  24  2:29  SCV  
  25  2:41  SCV  
  26  2:51  Orbital Command  
  26  2:52  Starport  
  26  2:53  SCV  
  27  3:01  Hellion x2  
  27  3:02  Barracks Tech Lab  
  27  3:05  SCV  
  32  3:17  Supply Depot, SCV x2  
  34  3:23  Hellion x2  
  38  3:29  Viking  
  38  3:30  SCV x2  
  42  3:43  SCV x2  
  42  3:44  Hellion x2  
  42  3:45  Barracks Tech Lab  
  48  3:51  Supply Depot  
  48  3:55  SCV  
  48  3:56  SCV  
  50  4:03  Marine  
  50  4:04  Stimpack  
  51  4:10  SCV  
  51  4:11  SCV, Barracks  
  51  4:14  Barracks  
  51  4:15  Factory Reactor  
  52  4:21  Barracks  
  52  4:26  SCV x2  
  52  4:27  Marine  
  52  4:28  Starport Reactor  
  52  4:29  Engineering Bay  
  55  4:36  Supply Depot  
  55  4:39  SCV x2  
  55  4:40  Supply Depot  
  55  4:45  Marine  
  58  4:46  Refinery  
  58  4:51  SCV x2  
  60  4:56  Barracks  
  60  4:57  Terran Infantry Weapons Level 1  
  60  5:02  Siege Tank  
  60  5:03  SCV, Marine  
  60  5:05  Marine x2  
  67  5:11  Marine x2  
  67  5:13  Refinery  
  69  5:14  Marine x2  
  69  5:16  Starport Reactor  
  69  5:18  Supply Depot  
  71  5:21  Marine  
  71  5:22  Marine  
  71  5:27  Marine  
  74  5:29  Marine  
  74  5:33  Marine x3  
  78  5:36  Supply Depot x2  
  78  5:40  Siege Tank, Marine  
  82  5:44  Supply Depot  
  82  5:45  Barracks Reactor, Marine x2  
  84  5:53  Medivac  
  84  5:56  Supply Depot  
  86  5:58  Marine x4, Medivac  
  86  6:00  Marine  
  93  6:05  Marine  
  93  6:07  Combat Shields  
  93  6:10  Marine  
  95  6:15  Marine x2  
  95  6:16  Siege Tank  
  100  6:18  Marine  
  100  6:19  Marine  
  100  6:23  Marine x2, Medivac  
  100  6:24  Marine  
  100  6:25  Marine  
  108  6:28  Marine  
  108  6:29  Medivac  
  111  6:33  Marine x2  
  111  6:34  Supply Depot  
  111  6:37  Marine  
  114  6:41  Marine  
  114  6:43  Supply Depot  
  115  6:49  Marine x3  
  118  6:55  Supply Depot, Marine x2, Medivac  
  118  6:59  Medivac  
  114  7:06  Marine x2  
  80  7:09  Marine x2  
  80  7:11  Marine x2  
  83  7:15  Marine x2, Terran Infantry Armor Level 1  
  83  7:16  Siege Tank, Marine  
  89  7:23  Marine x2  
  89  7:25  Medivac  
  89  7:27  Marine x2  
  95  7:30  Marine  
  95  7:35  Marine x2, Medivac  
  95  7:36  Marine x2  
  102  7:41  Marine x2  
  101  7:50  Marine, Liberator  
  101  7:51  Marine x2  
  92  7:52  Marine  
  92  7:53  Marine x2  
  92  7:54  Marine  
  96  7:59  Siege Tank, Marine x2  
  99  8:06  Liberator  
  99  8:08  Marine x3  
  99  8:10  Marine  
  99  8:11  Marine  
  107  8:14  Marine x2  
  107  8:17  Marine  
  110  8:21  Marine  
  110  8:26  Marine x3  
  117  8:28  Marine  
  117  8:34  Siege Tank, Liberator  
  118  8:39  Marine  
  118  8:41  Marine x2  
  121  8:42  Marine x2  
  121  8:44  Marine x2  
  121  8:46  Marine  
  128  8:49  Marine  
  132  8:56  Liberator  
  132  8:57  Marine  
  132  8:59  Marine  
  134  9:05  Marine x2  
  134  9:06  Marine  
  134  9:08  Marine  
  132  9:15  Marine  
  130  9:20  Marine x2  
  130  9:21  Siege Tank  
  135  9:27  Marine x2  
  137  9:31  Marine  
  137  9:32  Supply Depot x2, Marine x3  
  138  9:39  Marine x2  
  138  9:42  Marine  
  138  9:45  Marine x2  
  128  9:49  Marine x2  
  127  9:53  Siege Tank  
  127  9:54  Marine x2  
  127  9:58  Marine  
  127  9:59  Marine  
  132  10:01  Marine  
  131  10:09  Marine x2  
  131  10:12  Marine  
  133  10:17  Marine x3  
  133  10:21  Marine x2  
  137  10:23  Marine  
  137  10:25  Siege Tank  
  137  10:27  Marine  
  143  10:30  Marine x2  
  143  10:35  Marine  
  145  10:36  Marine x2  
  145  10:39  Marine  
  145  10:42  Marine x2  
  150  10:47  Liberator  
  141  10:55  Marine x2  
  135  10:58  Marine  
  135  10:59  Siege Tank, Orbital Command  
  139  11:10  Marine  
  143  11:13  Marine  
  143  11:17  Marine  
  145  11:22  Marine x2  
  145  11:25  Marine  
  148  11:27  Marine  
  149  11:39  Marine x2  
  137  11:42  Marine  
  137  11:44  Marine x3  
  137  11:45  Marine x2  
  137  11:46  Marine  
  142  11:57  Marine x2  
  142  12:00  Marine  
  143  12:01  Marine  
  143  12:02  Marine x2  
  143  12:03  Marine x2  
  143  12:04  Marine  
  143  12:08  Supply Depot  
  149  12:15  Marine x2, Medivac x2  
  151  12:17  Marine  
  151  12:20  Marine  
  151  12:22  Supply Depot, Marine  
  157  12:24  Marine  
  157  12:29  Marine x3  
  160  12:37  Marine x3  
  161  12:38  Orbital Command  
  164  12:44  Marine  
  164  12:46  Marine  
  166  12:51  Supply Depot  
  166  12:54  Medivac  
  166  12:56  Marine  
  169  13:02  Marine  
  169  13:03  Marine  
  169  13:04  Marine  
  172  13:06  Marine  
  172  13:11  Marine  
  172  13:12  Marine  
  174  13:15  Marine x2  
  177  13:22  Marine x3  
  171  13:31  Marine x3  
  171  13:32  Marine  
  142  13:37  Marine x2  
  142  13:39  Marine  
  142  13:44  Siege Tank  
  142  13:45  Liberator x2  
  144  13:48  Marine  
  144  13:50  Sensor Tower, Marine  
  152  14:06  Marine  
  152  14:09  Marine  
  153  14:10  Marine  
  153  14:16  Siege Tank  
  158  14:17  Marine  
  156  14:28  Marine x2  
  156  14:29  Marine x2  
  157  14:32  Marine  
  157  14:34  Marine  
  157  14:35  Refinery x2  
  157  14:37  Marine  
  157  14:48  Marine x5  
  157  14:49  Marine  
  158  14:52  Marine  
  158  14:53  Marine  
  158  14:54  Marine  
  161  15:05  Marine  
  161  15:06  Marine  
  163  15:07  Marine x2  
  163  15:11  Marine x2  
  163  15:13  Marine  
  169  15:16  Marine  
  169  15:17  Armory  
  169  15:18  Engineering Bay  
  169  15:21  Marine  
  169  15:23  Marine  
  169  15:25  Marine x3  
  145  15:28  Marine  
  145  15:29  Marine  
  145  15:31  Orbital Command, Marine  
  139  15:37  Marine  
  139  15:39  Marine  
  139  15:41  Marine  
  134  15:42  Marine  
  135  15:50  Marine  
  130  15:59  Marine  
  130  16:04  Marine  
Show
View Real Time Build Order
Export as new Build Order

Solar Zerg - Winner!

Build Orders: Hatch First 

Get SALT Encoding   

  12  0:01  Drone  
  13  0:12  Overlord  
  13  0:17  Drone  
  14  0:31  Drone  
  14  0:32  Drone  
  14  0:35  Drone  
  17  0:51  Hatchery  
  17  0:54  Drone  
  17  0:57  Drone  
  17  1:03  Extractor  
  17  1:12  Spawning Pool  
  17  1:15  Drone  
  17  1:19  Drone  
  18  1:28  Drone  
  19  1:41  Drone  
  20  1:49  Overlord  
  20  1:59  Queen  
  22  2:03  Queen, Zergling x2  
  22  2:04  Zergling x2, Metabolic Boost  
  26  2:23  Hatchery  
  26  2:25  Drone  
  26  2:30  Drone  
  26  2:32  Drone  
  26  2:35  Drone  
  28  2:38  Drone  
  28  2:42  Drone  
  30  2:49  Queen  
  32  2:53  Overlord  
  32  2:56  Drone  
  33  2:59  Drone  
  33  3:01  Drone  
  35  3:05  Drone  
  35  3:11  Drone  
  35  3:12  Drone x2  
  39  3:13  Drone  
  39  3:17  Drone  
  41  3:20  Drone  
  42  3:28  Overlord  
  42  3:29  Drone  
  43  3:35  Queen  
  43  3:37  Drone  
  43  3:40  Zergling x4  
  48  3:41  Queen  
  48  3:47  Zergling x2  
  50  3:49  Drone, Overlord  
  50  3:50  Drone x2  
  50  3:54  Drone  
  54  3:58  Drone  
  54  4:00  Drone  
  54  4:01  Drone  
  57  4:04  Overlord x2  
  57  4:07  Overlord  
  57  4:08  Drone  
  58  4:13  Overlord  
  58  4:16  Queen  
  60  4:18  Overlord  
  60  4:21  Lair  
  60  4:25  Baneling Nest  
  60  4:27  Drone x2  
  60  4:29  Zergling x4  
  63  4:31  Drone  
  63  4:32  Drone  
  63  4:36  Drone x2, Extractor  
  63  4:37  Extractor  
  65  4:39  Drone  
  65  4:42  Drone, Spore Crawler  
  65  4:43  Drone  
  65  4:44  Drone  
  68  4:47  Drone  
  68  4:48  Drone  
  68  4:49  Drone  
  68  4:50  Drone  
  68  4:52  Drone  
  73  4:53  Zergling x2  
  73  4:54  Zergling x2  
  73  4:57  Overlord  
  75  5:04  Drone, Evolution Chamber x2  
  75  5:06  Spore Crawler  
  75  5:07  Zergling x6  
  74  5:09  Drone  
  74  5:10  Drone  
  78  5:15  Drone x2  
  78  5:19  Overseer, Centrifical Hooks  
  78  5:20  Drone  
  82  5:21  Drone  
  82  5:24  Drone  
  82  5:25  Drone x2, Extractor  
  82  5:26  Drone, Extractor  
  84  5:33  Zerg Ground Armor Level 1  
  82  5:36  Overlord  
  82  5:38  Drone x3  
  82  5:39  Drone  
  82  5:40  Zerg Melee Weapons Level 1  
  82  5:42  Zergling x6  
  89  5:48  Zergling x4  
  91  5:54  Zergling x2  
  91  5:55  Zergling x6  
  95  6:00  Baneling x8  
  95  6:01  Zergling x2  
  95  6:02  Zergling x2  
  95  6:03  Zergling x2  
  98  6:04  Hatchery  
  98  6:06  Overlord  
  98  6:08  Zergling x6  
  98  6:10  Baneling  
  100  6:12  Zergling x6  
  100  6:14  Baneling x2  
  100  6:15  Zergling x2  
  100  6:17  Zergling x2  
  105  6:21  Overlord  
  105  6:24  Zergling x2  
  105  6:25  Zergling x6  
  109  6:27  Baneling x2  
  109  6:28  Zergling x2  
  109  6:33  Overlord  
  109  6:37  Zergling x4  
  111  6:42  Zergling x6  
  111  6:44  Baneling x2, Hydralisk Den  
  111  6:45  Baneling x3  
  113  6:47  Baneling x12  
  113  6:48  Zergling x2  
  113  6:49  Zergling x4  
  110  7:06  Zergling x18  
  98  7:09  Zergling x8  
  98  7:14  Baneling x3  
  98  7:15  Grooved Spines  
  98  7:16  Hydralisk x3  
  98  7:22  Baneling x3  
  104  7:23  Zergling x2  
  104  7:26  Hydralisk x2  
  104  7:27  Zergling x4  
  111  7:32  Overlord  
  111  7:34  Baneling x3  
  111  7:35  Baneling  
  111  7:36  Zergling x4  
  113  7:40  Hydralisk  
  113  7:41  Hydralisk, Zergling x2  
  113  7:42  Zergling x12  
  117  7:49  Hydralisk x2  
  117  7:50  Zergling x2  
  110  7:54  Zergling x2  
  110  7:55  Baneling x3  
  110  7:56  Zergling x8  
  110  7:58  Baneling x3  
  114  7:59  Zergling x2  
  114  8:03  Zergling x2  
  114  8:04  Zergling x2  
  117  8:09  Hydralisk  
  117  8:11  Zergling x2  
  120  8:22  Zergling x2  
  120  8:23  Zergling x18  
  130  8:27  Zerg Ground Armor Level 2, Baneling  
  130  8:32  Zergling x10  
  130  8:33  Baneling  
  130  8:34  Baneling x6  
  135  8:35  Zergling x2  
  135  8:36  Overlord  
  135  8:38  Overlord  
  135  8:40  Baneling x3  
  135  8:41  Overlord x2, Baneling  
  134  8:45  Baneling  
  134  8:46  Baneling x2, Zergling x2  
  135  8:51  Overlord  
  135  8:55  Hydralisk x2, Zergling x2  
  138  8:56  Zergling x8  
  138  9:00  Zergling x8  
  146  9:03  Zergling x2  
  146  9:04  Overlord, Zergling x4  
  146  9:07  Muscular Augments  
  146  9:08  Zergling x4  
  149  9:13  Zergling x4  
  149  9:14  Baneling x4  
  149  9:17  Zergling x2  
  149  9:18  Hydralisk  
  149  9:21  Hydralisk, Zergling x2  
  149  9:22  Zergling x6  
  156  9:24  Zergling x2  
  156  9:25  Zergling x4  
  157  9:33  Hydralisk x2  
  157  9:34  Zergling x2  
  160  9:40  Zergling x4  
  160  9:43  Zergling x2  
  160  9:44  Hydralisk x2  
  160  9:49  Hydralisk  
  155  9:53  Zergling x2  
  155  9:54  Zergling x6  
  155  9:56  Baneling x5  
  155  9:57  Baneling, Zergling x2  
  155  9:59  Hydralisk x2  
  160  10:05  Zergling x4  
  158  10:11  Hydralisk x2  
  161  10:14  Hydralisk  
  161  10:17  Zerg Missile Weapons Level 1  
  163  10:22  Hydralisk x2, Hatchery  
  163  10:27  Zergling x2  
  163  10:28  Zergling x2  
  168  10:29  Overlord  
  168  10:31  Overlord  
  168  10:34  Overlord  
  155  10:51  Zergling x14  
  155  10:53  Hydralisk x2  
  155  10:54  Zergling x2  
  155  10:55  Zergling x4  
  159  11:00  Zergling x6  
  161  11:04  Zergling x2  
  161  11:06  Overseer  
  161  11:10  Baneling x14  
  161  11:11  Baneling  
  161  11:16  Zergling x6  
  164  11:24  Zergling x6  
  167  11:29  Baneling x3  
  167  11:30  Baneling x5  
  167  11:31  Zergling x2  
  167  11:38  Hydralisk x2  
  167  11:39  Zergling x2  
  141  11:43  Zergling x2  
  141  11:44  Zergling x4  
  141  11:46  Zergling x2  
  143  11:47  Zergling x2  
  144  12:00  Zergling x2  
  146  12:01  Zergling x2  
  146  12:06  Hydralisk  
  148  12:08  Hatchery  
  148  12:09  Hydralisk  
  148  12:11  Baneling x2  
  148  12:12  Zergling x2  
  148  12:15  Zergling x2  
  151  12:18  Zergling x2  
  151  12:22  Hydralisk x2  
  156  12:25  Zergling x2  
  156  12:26  Zergling x2  
  157  12:32  Infestation Pit  
  157  12:35  Zerg Melee Weapons Level 2  
  156  12:39  Zergling x2  
  156  12:42  Zergling x4  
  159  12:45  Zergling x2  
  159  12:46  Zergling x2  
  159  12:49  Zergling x4  
  163  12:54  Overlord  
  163  12:57  Zergling x4  
  165  13:02  Zergling x4  
  165  13:05  Overlord  
  166  13:14  Hive  
  166  13:17  Zergling x2  
  152  13:27  Hydralisk  
  152  13:28  Hydralisk, Zergling x2  
  152  13:29  Zergling x2  
  152  13:31  Zergling x4  
  152  13:33  Zergling x2  
  145  13:37  Zergling x4  
  145  13:39  Zergling x2  
  145  13:40  Zergling x2  
  147  13:45  Baneling x2  
  147  13:49  Zergling x10  
  152  14:09  Baneling  
  151  14:10  Baneling x12  
  151  14:11  Baneling  
  151  14:14  Hatchery  
  150  14:18  Zergling x8  
  150  14:23  Zergling x4  
  156  14:29  Zergling x6  
  158  14:35  Zergling x4  
  158  14:37  Zergling x2  
  158  14:38  Zergling x4  
  163  14:39  Baneling x2  
  163  14:43  Zergling x2  
  159  14:47  Zergling x2  
  159  14:50  Baneling x2  
  159  14:51  Zergling x2  
  159  14:52  Zergling x4  
  162  14:53  Viper x2  
  162  14:55  Viper  
  170  15:00  Zergling x6  
  170  15:07  Zergling x2  
  174  15:11  Zergling x12  
  180  15:14  Baneling x3  
  177  15:24  Zergling x2  
  177  15:25  Zergling x10  
  177  15:26  Zergling x2  
  177  15:27  Zergling x4  
  176  15:33  Baneling  
  176  15:34  Baneling x5  
  173  15:36  Zergling x6  
  173  15:38  Zergling x4  
  173  15:40  Zergling x2  
  173  15:41  Zergling x2  
  179  15:46  Zergling x6  
  181  15:50  Zergling x4  
  181  15:53  Zergling x2  
  181  15:54  Zergling x2  
  181  15:55  Zergling x2  
  183  16:02  Zergling x2  
  183  16:03  Zergling x2  
  183  16:04  Zergling x8  

Tags
 
Add a new tag
Caveats
  • Supply blocks, unpowered buildings, or Contaminate may cause inaccurate times.
  • Supply counts are checked every 10 seconds.